 Dungeon Crawl Stone Soup version 0.29-a0-321-gf1c400731a (webtiles) character file.

Game seed: 16931278356741060202

1489 cojito the Poker (level 8, -2/67 HPs)
             Began as a Gnoll Cinder Acolyte on Apr 4, 2022.
             Was an Initiate of Gozag.
             Slain by a fire elemental (11 damage)
             ... created by the fiery vengeance of Ignis
             ... on level 7 of the Dungeon.
             The game lasted 00:15:07 (5868 turns).

cojito the Poker (Gnoll Cinder Acolyte)             Turns: 5868, Time: 00:15:07

Health: -2/67      AC:  3    Str: 15    XL:     8   Next: 80%
Magic:  14/14      EV: 12    Int: 15    God:    Gozag
Gold:   253        SH:  0    Dex:  7    Spells: 14/16 levels left

rFire   . . .      SeeInvis .   a - +1 spear (vamp)
rCold   . . .      Faith    .   (no shield)
rNeg    . . .      Spirit   .   f - +0 robe
rPois   +          Reflect  .   (no helmet)
rElec   .          Harm     .   (no cloak)
rCorr   .          Rampage  .   p - +0 pair of gloves
Will    .....                   (no boots)
Stlth   +.........              (no amulet)
HPRegen 0.21/turn               c - ring of poison resistance
MPRegen 0.14/turn               (no ring)

@: confused, ambrosia-drunk, studying Long Blades, fire susceptible
A: fangs 1, strong nose, distributed training
a: Renounce Religion, Potion Petition, Call Merchant, Bribe Branch


You were on level 7 of the Dungeon.
You worshipped Gozag.
Gozag was aware of your devotion.
You visited 2 branches of the dungeon, and saw 8 of its levels.

You collected 339 gold pieces.
You paid 86 gold pieces to Gozag.

Inventory:

Hand Weapons
 a - a +1 vampiric spear (weapon)
 b - the +0 spear of World Downfall {venom, Will++}
   (You took it off a gnoll on level 3 of the Dungeon)

   It poisons the flesh of those it strikes.
   Will:      It greatly increases your willpower.
 e - a +0 dagger of venom
 h - a +0 hunting sling
 l - a +2 halberd of venom
Missiles
 g - 4 boomerangs (quivered)
Armour
 f - a +0 robe (worn)
 p - a +0 pair of gloves (worn)
Jewellery
 c - a ring of poison resistance (left hand)
Scrolls
 j - a scroll of enchant armour
 m - a scroll of enchant weapon
 n - 3 scrolls of fog
Potions
 d - a potion of attraction
 r - a potion of might {unknown}


   Skills:
 + Level 7.5 Fighting
 + Level 3.6 Short Blades
 + Level 4.6 Long Blades
 + Level 3.6 Axes
 + Level 3.6 Maces & Flails
 + Level 7.5 Polearms
 + Level 3.6 Staves
 + Level 3.6 Slings
 + Level 3.6 Bows
 + Level 3.6 Crossbows
 + Level 3.6 Throwing
 + Level 3.6 Armour
 + Level 3.6 Dodging
 + Level 3.6 Stealth
 + Level 3.6 Shields
 + Level 3.6 Unarmed Combat
 + Level 4.6 Spellcasting
 + Level 2.9 Conjurations
 + Level 2.9 Hexes
 + Level 2.9 Summonings
 + Level 2.9 Necromancy
 + Level 2.9 Translocations
 + Level 2.9 Transmutations
 + Level 6.2 Fire Magic
 + Level 2.9 Ice Magic
 + Level 2.9 Air Magic
 + Level 2.9 Earth Magic
 + Level 2.9 Poison Magic
 + Level 4.0 Invocations
 + Level 3.6 Evocations


You had 14 spell levels left.
You knew the following spells:

 Your Spells              Type           Power      Damage    Failure   Level
a - Scorch                Fire           44%        2d7       1%          2

Your spell library contained the following spells:

 Spells                   Type           Power      Damage    Failure   Level
 Static Discharge         Conj/Air       12%        N/A       8%          2
 Lightning Bolt           Conj/Air       6%         1d18      80%         5
 Maxwell's Capacitive Co  Air            6%         ∞         100%        8


Dungeon Overview and Level Annotations

Branches:
Dungeon (7/15)             Temple (1/1) D:4

Altars:
Ashenzari
Cheibriados
Dithmenos
Elyvilon
Gozag
Hepliaklqana
Kikubaaqudgha
Makhleb
Okawaru
Qazlal
Sif Muna
Uskayaw
Vehumet
Wu Jian
Xom
Zin

Shops:
D:6 *

Annotations:
D:5 exclusion: gargoyle


Innate Abilities, Weirdness & Mutations

You have very sharp teeth.
Your uncanny sense of smell can sniff out nearby items.
Your experience applies equally to all skills.


Message History

Your +2 halberd of venom stops dripping with poison.
You feel a sense of dread.
a - a +1 vampiric spear (weapon)
You start resting. "With a thousand fires I burned cities, but these will suffice for you!"
The divine experience confuses you!
You are confused. 2 fire elementals come into view.
Okay, then.
You are too confused!
Unknown command.
Unknown command.
You are too confused!
Unknown command.
You are too confused!
Unknown command.
Unknown command.
Really quaff the potion of attraction?
Okay, then.
Unknown command.
You are more confused.
You feel invigorated.
You are too confused!
You're too confused to move!
The fire elemental hits you. The fire elemental burns you!
The fire elemental barely misses you.
You miss the fire elemental. The fire elemental hits you.
The fire elemental burns you! The fire elemental closely misses you.
You barely miss the fire elemental. Your bite misses the fire elemental.
The fire elemental completely misses you.
The fire elemental hits you. The fire elemental burns you!
You bump into the rock wall.
The fire elemental closely misses you. The fire elemental hits you.
The fire elemental burns you!
You bump into the rock wall.
The fire elemental hits you. The fire elemental burns you!
* * * LOW HITPOINT WARNING * * *
The fire elemental hits you. The fire elemental burns you!
* * * LOW HITPOINT WARNING * * *
The fire elemental hits you. The fire elemental burns you!
You die...
Your body crumbles into a pile of gold.

#.....$..#
#..?..$.$#
#.###......#.#
#.......[..#.#
######.####.#
#°# .# #[# .#
##E## .# #@E$#
#.#.......
#...##.###
##### #


You could see 2 fire elementals.

Vanquished Creatures
  The ghost of Darius099 the Covered, an amateur GrFi (D:3)
  2 black bears
  An ogre (D:5)
  2 phantoms
  A kobold brigand (D:6)
  8 scorpions
  A hound (D:4)
  3 orc priests
  5 orc wizards
  5 gnolls (D:3)
  3 adders
  An ufetubus (D:4)
  A worm (D:2)
  3 dart slugs
  16 orcs
  4 ball pythons
  8 bats
  5 endoplasms
  3 giant cockroaches
  11 goblins
  4 hobgoblins
  3 jackals (D:4)
  A quokka (Temple)
  3 frilled lizards (D:1)
  11 kobolds
  5 rats
111 creatures vanquished.

Vanquished Creatures (collateral kills)
  An orc (D:7)
  A kobold (D:5)
2 creatures vanquished.

Vanquished Creatures (others)
  An orc wizard (D:3)
  2 gnolls (D:3)
  32 foxfires
  9 fungi (D:6)
  6 plants (D:3)
  3 withered plants (D:6)
53 creatures vanquished.

Grand Total: 166 creatures vanquished

Notes
Turn   | Place    | Note
-------+----------+-------------------------------------------
     0 | D:1      | cojito the Gnoll Cinder Acolyte began the quest for the
                  | Orb.
     0 | D:1      | Reached XP level 1. HP: 23/23 MP: 4/4
    65 | D:1      | Reached XP level 2. HP: 28/29 MP: 5/5
   571 | D:1      | Reached XP level 3. HP: 26/35 MP: 7/7
   809 | D:2      | Found a glowing silver altar of Zin.
   917 | D:2      | Reached skill level 1 in Invocations
  1098 | D:2      | Reached skill level 1 in Short Blades
  1098 | D:2      | Reached skill level 1 in Long Blades
  1098 | D:2      | Reached skill level 1 in Axes
  1098 | D:2      | Reached skill level 1 in Maces & Flails
  1098 | D:2      | Reached skill level 1 in Staves
  1098 | D:2      | Reached skill level 1 in Slings
  1098 | D:2      | Reached skill level 1 in Bows
  1098 | D:2      | Reached skill level 1 in Crossbows
  1098 | D:2      | Reached skill level 1 in Throwing
  1098 | D:2      | Reached skill level 1 in Armour
  1098 | D:2      | Reached skill level 1 in Dodging
  1098 | D:2      | Reached skill level 1 in Stealth
  1098 | D:2      | Reached skill level 1 in Shields
  1098 | D:2      | Reached skill level 1 in Unarmed Combat
  1098 | D:2      | Reached skill level 1 in Evocations
  1262 | D:2      | Reached XP level 4. HP: 41/41 MP: 8/8
  1759 | D:3      | Learned a level 2 spell: Scorch
  1918 | D:3      | Reached skill level 1 in Conjurations
  1918 | D:3      | Reached skill level 1 in Hexes
  1918 | D:3      | Reached skill level 1 in Summonings
  1918 | D:3      | Reached skill level 1 in Necromancy
  1918 | D:3      | Reached skill level 1 in Translocations
  1918 | D:3      | Reached skill level 1 in Transmutations
  1918 | D:3      | Reached skill level 1 in Ice Magic
  1918 | D:3      | Reached skill level 1 in Air Magic
  1918 | D:3      | Reached skill level 1 in Earth Magic
  1918 | D:3      | Reached skill level 1 in Poison Magic
  1925 | D:3      | Reached XP level 5. HP: 43/47 MP: 9/9
  1929 | D:3      | Found a faded altar of an unknown god.
  2006 | D:3      | Identified the +0 spear of World Downfall {venom, Will++}
  2065 | D:3      | Found a transporter.
  2065 | D:3      | Found a transporter.
  2075 | D:3      | Noticed Darius099's ghost (amateur GrFi)
  2365 | D:4      | Found a staircase to the Ecumenical Temple.
  2378 | D:4      | Noticed a black bear
  2385 | Temple   | Entered the Ecumenical Temple
  2388 | Temple   | Killed a black bear
  2389 | Temple   | Reached XP level 6. HP: 30/53 MP: 9/11
  3391 | D:3      | Killed Darius099's ghost
  3823 | D:4      | Found an iron altar of Okawaru.
  3877 | D:4      | Reached XP level 7. HP: 56/60 MP: 9/12
  3912 | D:4      | You fall into a shaft and drop 2 floors!
  3916 | D:5      | Entered Level 5 of the Dungeon
  3943 | D:6      | Found Zin's Purification Station.
  3943 | D:6      | Found a glowing silver altar of Zin.
  4434 | D:5      | Noticed a gargoyle
  4538 | Temple   | Fell from the grace of Ignis
  4538 | Temple   | Became a worshipper of Gozag Ym Sagoz the Greedy
  4976 | D:4      | Noticed a fire elemental
  4976 | D:4      | Noticed a fire elemental
  4976 | D:4      | Noticed a fire elemental
  5161 | D:5      | Reached XP level 8. HP: 63/67 MP: 14/14
  5364 | D:5      | You fall into a shaft and drop 1 floor!
  5525 | D:6      | Found a snail-covered altar of Cheibriados.
  5868 | D:7      | Slain by a fire elemental

Illustrated notes

Levels and vault maps discovered:
D:1:      shiori_shiawase, layout_basic
D:2:      layout_loops_ring, basic_altar, guppyfry_early_orc_mine
D:3:      layout_basic, ebering_ecumenical_altar_hall, serial_corexii_hall,
          chequers_hall_statues_wall_a, corexii_hall_statues_t,
          gammafunk_ghost_gnarly_gnolls
D:4:      layout_loops_ring, okawaru_metal_pillars_1_2,
          minmay_temple_entry_stoned_glass
D:5:      layout_loops_cross, old_standard_altar, minmay_holes
D:6:      old_forge, layout_cave_pools, zin_purify,
          lemuel_zombie_altar_yredelemnul, kennysheep_slug_shrine,
          nicolae_overflow_crystal_walls, serial_undead, serial_undead_e,
          serial_undead_b, serial_undead_d, serial_undead_c
D:7:      layout_loops_ring, uniq_joseph
Temple:   oiseaux_autumnal_temple

Skill      XL: |  1  2  3  4  5  6  7  8 |
---------------+-------------------------+-----
Invocations    | 1 2 3 4 |  4.0
Short Blades   | 1 2 3 |  3.6
Long Blades    | 1 2 3 4 |  4.6
Axes           | 1 2 3 |  3.6
Maces & Flails | 1 2 3 |  3.6
Staves         | 1 2 3 |  3.6
Slings         | 1 2 3 |  3.6
Bows           | 1 2 3 |  3.6
Crossbows      | 1 2 3 |  3.6
Throwing       | 1 2 3 |  3.6
Armour         | 1 2 3 |  3.6
Dodging        | 1 2 3 |  3.6
Stealth        | 1 2 3 |  3.6
Shields        | 1 2 3 |  3.6
Unarmed Combat | 1 2 3 |  3.6
Evocations     | 1 2 3 |  3.6
Spellcasting   | 3 4 |  4.6
Conjurations   | 1 2 |  2.9
Hexes          | 1 2 |  2.9
Summonings     | 1 2 |  2.9
Necromancy     | 1 2 |  2.9
Translocations | 1 2 |  2.9
Transmutations | 1 2 |  2.9
Ice Magic      | 1 2 |  2.9
Air Magic      | 1 2 |  2.9
Earth Magic    | 1 2 |  2.9
Poison Magic   | 1 2 |  2.9
Fighting       | 7 |  7.5
Polearms       | 7 |  7.5
Fire Magic     | 6 |  6.2

Action                   |  1- 3 |  4- 6 |  7- 9 || total
-------------------------+-------+-------+-------++-------
Melee: Spear             |    97 |   117 |    75 ||   289
       Bite              |     5 |    14 |    12 ||    31
       Punch             |     1 |       |     1 ||     2
       Halberd           |       |       |    54 ||    54
 Fire: Hunting sling     |     7 |    30 |       ||    37
Throw: Boomerang         |       |     2 |       ||     2
       Javelin           |       |       |     4 ||     4
       Dart              |       |       |     2 ||     2
 Cast: Scorch            |       |     2 |    19 ||    21
Invok: Fiery Armour      |     1 |     3 |       ||     4
       Foxfire Swarm     |       |     6 |       ||     6
       Rising Flame      |       |     1 |       ||     1
Evoke: Wand              |       |     9 |     5 ||    14
  Use: Potion            |       |     7 |     1 ||     8
       Scroll            |       |     1 |     6 ||     7
 Stab: Sleeping          |     3 |     2 |     1 ||     6
       Distracted        |       |       |     1 ||     1
Armor: Robe              |     9 |    23 |    29 ||    61
       Skin              |       |    14 |       ||    14
Dodge: Dodged            |    31 |    50 |    65 ||   146

Table legend: (Time is in decaauts)
 A = Elapsed time spent in this place.
 B = Non-inter-level travel time spent in this place.
 C = Inter-level travel time spent in this place.
 D = Time resting spent in this place.
 E = Time spent auto-exploring this place.
 F = Levels seen in this place.
 G = Mean time per level.
                   A        B        C        D        E       F      G
               +--------+--------+--------+--------+--------+-----+--------+
         Total |   5813 |   5258 |    555 |   1206 |   3106 |   8 |  726.6 |
       Dungeon |   5259 |   4838 |    421 |   1206 |   2714 |   7 |  751.3 |
        Temple |    554 |    421 |    133 |      0 |    391 |   1 |  554.0 |
               +--------+--------+--------+--------+--------+-----+--------+

Top non-repeatable levels by time:
     D:3: 1266 daAuts
     D:2: 914 daAuts
     D:4: 878 daAuts
     D:5: 802 daAuts
     D:1: 794 daAuts
  Temple: 554 daAuts
     D:7: 328 daAuts
     D:6: 274 daAuts
